 Dungeon Crawl Stone Soup version 0.30-a0-364-gf6b3ef1049 (webtiles) character file.

Game seed: 15182221215925607780

22135 kae the Grappler (level 12, -20/103 HPs)
             Began as a Pale Draconian Transmuter on Nov 14, 2022.
             Was a Believer of Ru.
             Killed from afar by an ice dragon (49 damage)
             ... with a blast of cold
             ... on level 2 of the Lair of Beasts on Nov 15, 2022.
             The game lasted 00:17:16 (14576 turns).

kae the Grappler (Pale Draconian Transmuter)       Turns: 14576, Time: 00:17:16

Health: -20/103    AC: 13    Str: 14    XL:     12   Next: 60%
Magic:  25/25      EV: 12    Int: 23    God:    Ru [**....]
Gold:   717        SH:  0    Dex: 18    Spells: 3/29 levels left

rFire   . . .      SeeInvis .      - Unarmed
rCold   . . .      Faith    .    (no shield)
rNeg    . . .      Spirit   .    (body armour unavailable)
rPois   .          Reflect  .    F - +1 hat "Uroog" {Int+6}
rElec   .          Harm     .    (no cloak)
rCorr   .          Rampage  .    (no gloves)
Will    .....                    (no boots)
Stlth   ..........               A - amulet of the acrobat
HPRegen 0.37/turn                O - +4 ring of protection
MPRegen 0.19/turn                D - +6 ring of dexterity

@: no status effects
A: breathe steam, AC +8, unfitting armour, cold-blooded, no stealth, hated by
all, steam resistance
a: Breathe Steam, Renounce Religion, Sacrifice Experience, Sacrifice Purity,
Sacrifice Essence, Reject Sacrifices


You were on level 2 of the Lair of Beasts.
You worshipped Ru.
Ru was pleased with you.
You visited 3 branches of the dungeon, and saw 14 of its levels.
You also visited: Ossuary.

You collected 717 gold pieces.


Innate Abilities, Weirdness & Mutations

You can breathe blasts of scalding, opaque steam.
Your pale cyan-grey scales are hard. (AC +8)
You cannot fit into any form of body armour.
You are cold-blooded and may be slowed by cold attacks.
You cannot be stealthy.
You are hated by all.
You are immune to the effects of steam.


   Skills:
 + Level 8.8 Fighting
 - Level 1.7 Dodging
 * Level 11.7 Unarmed Combat
 + Level 9.2 Spellcasting
 + Level 11.4 Transmutations
 - Level 6.2 Ice Magic
 - Level 3.1 Poison Magic


You had 3 spell levels left.
You knew the following spells:

 Your Spells              Type           Power      Damage    Failure   Level
a - Beastly Appendage     Tmut           100%       N/A       1%          1
b - Wereblood             Tmut           59%        N/A       1%          2
c - Spider Form           Tmut/Pois      44%        N/A       1%          3
d - Ice Form              Ice/Tmut       50%        N/A       1%          4
e - Blade Hands           Tmut           29%        N/A       1%          5
f - Dragon Form           Tmut           29%        N/A       43%         7
g - Petrify               Tmut/Erth      36%        N/A       6%          4

Your spell library contained the following spells:

 Spells                   Type           Power      Damage    Failure   Level
 Freeze                   Ice            100%       1d10      1%          1
 Sting                    Tmut/Pois      100%       1d8       1%          1
 Frozen Ramparts          Ice            78%        1d12      1%          3
 Poisonous Vapours        Pois/Air       34%        N/A       4%          2
 Hailstorm                Conj/Ice       24%        3d7       5%          3
 Apportation              Tloc           20%        N/A       6%          1
 Necrotise                Necr           40%        1d6       6%          1
 Slow                     Hex            40%        N/A       6%          1
 Cigotuvi's Dreadful Rot  Necr/Pois/Air  30%        N/A       6%          2
 Blink                    Tloc           20%        N/A       10%         2
 Momentum Strike          Conj/Tloc      20%        3d8       10%         2
 Sublimation of Blood     Necr           10%        N/A       10%         2
 Confusing Touch          Hex            10%        N/A       19%         3
 Dazzling Flash           Conj/Hex       20%        N/A       19%         3
 Inner Flame              Hex/Fire       10%        N/A       19%         3
 Lesser Beckoning         Tloc           20%        N/A       19%         3
 Portal Projectile        Hex/Tloc       20%        N/A       19%         3
 Vampiric Draining        Necr           10%        2d6       19%         3
 Irradiate                Conj/Tmut      18%        3d17      16%         5
 Olgreb's Toxic Radiance  Pois           24%        N/A       17%         4
 Dispel Undead            Necr           10%        3d9       52%         4
 Flame Wave               Conj/Fire      10%        2d6       52%         4
 Leda's Liquefaction      Hex/Erth       5%         N/A       52%         4
 Manifold Assault         Tloc           10%        N/A       52%         4
 Sticky Flame             Conj/Fire      10%        2d3       52%         4
 Agony                    Necr           10%        N/A       86%         5
 Silence                  Hex/Air        5%         N/A       86%         5
 Dispersal                Tloc           5%         N/A       100%        6
 Orb of Destruction       Conj           5%         9d5       100%        7
 Disjunction              Tloc           5%         N/A       100%        8
 Summon Small Mammal      Summ           Unusable   N/A       N/A         1
 Call Canine Familiar     Summ           Unusable   N/A       N/A         3
 Summon Guardian Golem    Hex/Summ       Unusable   N/A       N/A         3
 Death Channel            Necr           Unusable   N/A       N/A         6
 Spellforged Servitor     Conj/Summ      Unusable   N/A       N/A         7

Inventory:

Hand Weapons
 f - the +7 long sword of Supply {elec, rN+ rCorr}
   (You found it on level 2 of the Dungeon)

   It occasionally discharges a powerful burst of electricity upon striking a
   foe.
   rN:        It protects you from negative energy.
   rCorr:     It protects you from acid and corrosion.
 m - the +7 Throatcutter {drain, coup de grace}
   (You took it off Terence on level 3 of the Dungeon)

   A truly terrible weapon, it drains the life of any living foe it strikes.
   It may instantly kill foes which have little health.
 U - the +12 rapier of Yeast {holy, rPois}
   (You found it on level 1 of the Lair of Beasts)

   It has been blessed by the Shining One to cause great damage to the undead
   and demons.
   rPois:     It protects you from poison.
Missiles
 b - 52 poisoned darts
 e - 129 stones
 h - 5 javelins
 o - 9 boomerangs
 L - a curare-tipped dart {=f}
 N - a throwing net {=f!f}
Armour
 n - a +1 hat
   (You found it on level 4 of the Dungeon)
 F - the +1 hat "Uroog" (worn) {Int+6}
   (You acquired it on level 10 of the Dungeon)

   Int:       It affects your intelligence (+6).
Jewellery
 g - the amulet of Elemental Vulnerability {rPois rF-- rC-- AC+8}
   (You found it on level 6 of the Dungeon)

   [amulet of nothing]

   AC:        It affects your AC (+8).
   rF:        It makes you very vulnerable to fire.
   rC:        It makes you very vulnerable to cold.
   rPois:     It protects you from poison.
 v - a ring of see invisible
   (You found it on level 7 of the Dungeon)
 A - an amulet of the acrobat (around neck)
   (You took it off an orc on level 6 of the Dungeon)
 D - a +6 ring of dexterity (right hand)
   (You found it on level 6 of the Dungeon)
 O - a +4 ring of protection (left hand)
   (You found it on level 1 of the Dungeon)
 S - a +6 ring of strength
   (You found it on level 4 of the Dungeon)
 T - an amulet of faith {!P}
   (You found it on level 1 of the Lair of Beasts)
 Z - a ring of wizardry
   (You found it on level 7 of the Dungeon)
Wands
 q - a wand of digging (1)
   (You found it on level 6 of the Dungeon)
 z - a wand of paralysis (9)
   (You found it on level 7 of the Dungeon)
 C - a wand of iceblast (9)
   (You found it on level 7 of the Dungeon)
 H - a wand of polymorph (22)
   (You found it on level 8 of the Dungeon)
 P - a wand of flame (10)
   (You found it on level 9 of the Dungeon)
 R - a wand of mindburst (9)
   (You found it on level 11 of the Dungeon)
Scrolls
 l - 2 scrolls of poison {!r}
 p - 2 scrolls of silence {!r}
 s - a scroll of acquirement
 t - a scroll of blinking {!r}
 x - 3 scrolls of teleportation {@r4}
 y - a scroll of fear
 G - 2 scrolls of enchant weapon
 I - a scroll of vulnerability {!r!r}
 J - 6 scrolls of identify {@r1}
 Q - a scroll of immolation {!r!r}
Potions
 a - 4 potions of lignification {!q}
 c - 3 potions of resistance
 d - 4 potions of brilliance
 i - a potion of cancellation
 j - 8 potions of curing {@q1}
 k - 7 potions of heal wounds {@q2}
 r - 2 potions of invisibility
 u - 2 potions of magic
 w - 3 potions of ambrosia
 B - 3 potions of mutation {!q}
 E - 2 potions of flight
 K - 2 potions of might
 M - 3 potions of attraction {!q}

Dungeon Overview and Level Annotations

Branches:
Dungeon (11/15) Zot: 25426  Temple (1/1) D:6 Zot: 5799    Lair (2/5) D:11 Zot: 10322
    Orc (0/2) D:11        Ossuary (visited)
  Swamp: Lair:2-3    Shoals: Lair:2-3     Snake: Lair:2-3    Spider: Lair:2-3

Altars:
Ashenzari
Cheibriados
Dithmenos
Elyvilon
Gozag
Kikubaaqudgha
Makhleb
Nemelex Xobeh
Okawaru
Qazlal
Ru
Sif Muna
Trog
Uskayaw
Vehumet
Wu Jian
Xom
Zin
The Shining One

Annotations:
D:10 2 transporters, exclusion: obsidian statue
D:11 3 runed translucent doors

#...# ....#..#
##.........
...P###......#
#.#........ #..##
..... ###........
#...# ...P..
###.D...... ....# .
#P......... #..##
#.. ####.........
#...
##..#..##........ #
...
#......รทรท........
. ?..
.......รท@.........
.....#####........
..... #........
.... #........ ...
......... ...
#........ #........
.......


You could see an ice dragon (catching breath).


Message History

You lost 5 mp, and now have 20/25 mp.
There is a fountain of clear blue water here.
You enter the shallow water.
Moving in this stuff is going to be slow.
Your unstable footing causes you to fumble your attack.
You slice the ice beast!! You tail-slap the ice beast. The ice beast hits you.
The ice beast freezes you. ๐Ÿ˜• HP[-9] MP[+1]
You take 9 damage, and now have 94/103 hp.
Your unstable footing causes you to fumble your attack.
The ice beast hits you but does no damage.
Your unstable footing causes you to fumble your attack.
The ice beast barely misses you. ๐Ÿ˜• HP[+1]
You hit the ice beast. You tail-slap the ice beast.
You kill the ice beast!
No target in view!
No target in view!
No target in view! ๐Ÿ˜• HP[+1] No target in view!
No target in view!
A komodo dragon comes into view. ๐Ÿ˜• HP[+1] MP[+1]
A komodo dragon is nearby!
A komodo dragon is nearby!
A komodo dragon is nearby!
Unknown command.
No reachable target in view!
No reachable target in view! ๐Ÿ˜• HP[+1] ๐Ÿ˜• MP[+1]
You slash the komodo dragon!
An ice dragon comes into view.
The ice dragon roars deafeningly!
You slice the komodo dragon!! The komodo dragon bites you!!
You focus your inner power and illuminate the komodo dragon in retribution! ๐Ÿ˜• HP[-20]
You take 20 damage, and now have 78/103 hp.
The komodo dragon completely misses you.
You slash the komodo dragon! The komodo dragon closely misses you.
You hit the komodo dragon. You tail-slap the komodo dragon.
A polar bear comes into view.
The komodo dragon bites you! ๐Ÿ˜ฎ HP[-15]
You take 15 damage, and now have 63/103 hp.
You are too injured to fight recklessly!
You are too injured to fight recklessly!
You are too injured to fight recklessly!
You are too injured to fight recklessly!
Unknown command.
The polar bear growls angrily.
You slash the komodo dragon!
You kill the komodo dragon!
You hear an angry growl.
The ice dragon breathes frost at you. The blast of cold hits you!!
* * * LOW HITPOINT WARNING * * *
๐Ÿ˜จ HP[-27] MP[+1]
You take 27 damage, and now have 36/103 hp.
MASSIVE DAMAGE!! (PAUSE) Unknown command.
Okay, then.
The ice dragon is engulfed in freezing vapours. ๐Ÿ˜จ HP[+1]
The ice dragon breathes frost at you. The blast of cold hits you!!
* * * LOW HITPOINT WARNING * * *
๐Ÿ˜ฑ HP[-22]
You take 22 damage, and now have 15/103 hp.
MASSIVE DAMAGE!! (PAUSE) Really read
t - 2 scrolls of blinking {!r}? [Y]es or [N]o only, please.
Really read
t - 2 scrolls of blinking {!r}?
Blink to where?
Press: ? - help, Dir - move target
As you read the scroll of blinking {!r}, it crumbles to dust. ๐Ÿ˜ฑ HP[+1] ๐Ÿ˜ฑ MP[+1]
Your mp is fully restored (25). ๐Ÿ˜ฑ HP[+1] ๐Ÿ˜ฑ HP[+1] ๐Ÿ˜ฑ HP[+1] ๐Ÿ˜ฑ HP[+1] ๐Ÿ˜ฑ HP[+1] ๐Ÿ˜ฑ HP[+1] ๐Ÿ˜ฑ HP[+1]
Your transformation is almost over. ๐Ÿ˜ฑ HP[+1] ๐Ÿ˜ฑ HP[+1] ๐Ÿ˜จ HP[+1] ๐Ÿ˜จ HP[+1]
There is a stone staircase leading up, spattered with blood here.
You start resting.
Your hands revert to their normal proportions.
An ice dragon is nearby! ๐Ÿ˜จ HP[+1]
The ice dragon breathes frost at you. The blast of cold hits you!!!
You die...

Skill      XL: |  1  2  3  4  5  6  7  8  9 10 11 12 |
---------------+-------------------------------------+-----
Transmutations | 3 4 5 6 7 9 10 11 | 11.4
Poison Magic   | 1 2 3 |  3.1
Spellcasting   | 3 4 5 6 7 8 9 |  9.2
Ice Magic      | 2 4 6 |  6.2
Fighting       | 3 5 7 8 |  8.8
Unarmed Combat | 5 8 10 11 | 11.7
Dodging        | |  1.7

Action                   |  1- 3 |  4- 6 |  7- 9 | 10-12 || total
-------------------------+-------+-------+-------+-------++-------
Melee: Unarmed           |   101 |    20 |   138 |   376 ||   635
       Kick              |    11 |     7 |       |       ||    18
       Headbutt          |     9 |     5 |       |       ||    14
       Tailslap          |    10 |    10 |    30 |    69 ||   119
       Punch             |     2 |     1 |     1 |    38 ||    42
       Long sword        |       |   145 |   158 |     5 ||   308
 Cast: Beastly Appendage |    15 |     8 |       |     1 ||    24
       Spider Form       |     3 |     1 |       |       ||     4
       Wereblood         |       |     2 |     4 |    12 ||    18
       Ice Form          |       |     1 |    11 |     1 ||    13
       Blade Hands       |       |       |     4 |    37 ||    41
       Petrify           |       |       |       |     2 ||     2
Invok: Sacrifice Stealth |       |       |       |     1 ||     1
       Sacrifice Love    |       |       |       |     1 ||     1
 Abil: Breathe Steam     |       |       |     2 |     4 ||     6
  Use: Scroll            |     4 |     8 |     7 |     8 ||    27
 Stab: Sleeping          |       |     3 |     1 |       ||     4
       Distracted        |       |     1 |       |       ||     1
       Invisible         |       |       |       |     2 ||     2
       Petrifying        |       |       |       |     1 ||     1
       Petrified         |       |       |       |     1 ||     1
Armor: Skin              |    36 |    79 |   117 |   158 ||   390
Dodge: Dodged            |    89 |   130 |   159 |   264 ||   642

Levels and vault maps discovered:
D:1:      psy_arrival_spokes, layout_basic
D:2:      layout_basic, uniq_robin
D:3:      layout_loops_ring, lightli_temple_of_fire, serial_co_window_serial,
          co_window_paths_a, co_window_paths_b, co_window_paths_a,
          co_window_cross_1, co_window_paths_b, co_window_broadway_a,
          co_window_broadway_c, co_window_broadway_c, glass_columns_b,
          mrwooster_statue_mirror, amcnicky_mini_pool_small, uniq_terence,
          uniq_natasha
D:4:      layout_loops_cross, minmay_misc_feat_nine_boxes, grunt_ministairs_15,
          st_stairs_7, corexii_checkpoint_b, hangedman_decor_points
D:5:      layout_rooms, chei_slow_surprise, mainiacjoe_overflow_24_doors,
          kennysheep_generic_room_14, uniq_grinder
D:6:      layout_rooms, kennysheep_mini, minmay_temple_entry_enclosed_plants,
          nicolae_ossuary_entry_catacombs
D:7:      layout_basic
D:8:      layout_gridville, nemelex_xobeh_ov_fountains_minmay
D:9:      layout_basic, minmay_misc_feat_roman, uniq_erica, uniq_harold,
          uniq_prince_ribbit1
D:10:     gammafunk_sealed_arena, layout_loops_corners, dreamdust_gnoll_shepherd
D:11:     cheibrodos_steamvent, layout_gridville, lair_entry_dummy, orc_0_dummy,
          ploomutoo_gammafunk_ghost_potion_laboratory
Temple:   bh_familiar_temple
Lair:1:   minmay_lair_oklob_chamber, layout_regular_city, grunt_megastairs_5
Lair:2:   layout_long_grid, swamp_mist_pool, serial_forest,
          infiniplex_forest_lined_room_2, infiniplex_forest_clump_small,
          infiniplex_forest_lined_3, infiniplex_forest_straight_2,
          infiniplex_forest_straight_1, ice2_lemuel

Notes
Turn   | Place    | Note
-------+----------+-------------------------------------------
     0 | D:1      | kae the Draconian Transmuter began the quest for the Orb.
     0 | D:1      | Reached XP level 1. HP: 16/16 MP: 3/3
     0 | D:1      | magus.rc [v1.11.3]
   242 | D:1      | Reached XP level 2. HP: 23/23 MP: 3/5
   402 | D:1      | Learned a level 2 spell: Wereblood
   425 | D:1      | Reached skill level 3 in Transmutations
   472 | D:1      | You pick up a book of Cantrips and begin reading...
   472 | D:1      | You add the spells Necrotise, Summon Small Mammal and
                  | Apportation to your library.
   603 | D:1      | Reached XP level 3. HP: 24/28 MP: 4/6
   607 | D:1      | Learned a level 3 spell: Spider Form
  1195 | D:1      | Reached skill level 1 in Poison Magic
  1195 | D:1      | Reached XP level 4. HP: 28/35 MP: 4/8
  1383 | D:2      | Identified the +7 long sword of Supply {elec, rN+ rCorr}
  1618 | D:2      | Noticed Robin
  1647 | D:2      | Reached skill level 4 in Transmutations
  1655 | D:2      | Killed Robin
  1656 | D:2      | Reached XP level 5. HP: 23/40 MP: 9/9
  1846 | D:2      | You pick up a book of Dangerous Friends and begin
                  | reading...
  1846 | D:2      | You add the spells Summon Guardian Golem, Orb of
                  | Destruction and Spellforged Servitor to your library.
  2005 | D:2      | Reached skill level 3 in Spellcasting
  2544 | D:3      | Reached skill level 2 in Poison Magic
  2560 | D:3      | Noticed Natasha
  2562 | D:3      | Killed Natasha
  2590 | D:3      | Noticed Terence
  2594 | D:3      | Killed Terence
  2681 | D:3      | You pick up a book of Flames and begin reading...
  2681 | D:3      | You add the spells Inner Flame, Sticky Flame and Flame Wave
                  | to your library.
  2684 | D:3      | You add the spells Sting, Poisonous Vapours and Olgreb's
                  | Toxic Radiance to your library.
  2705 | D:3      | Noticed Natasha
  2713 | D:3      | Killed Natasha
  2819 | D:3      | Noticed Natasha
  2828 | D:3      | Killed Natasha
  2833 | D:3      | You pick up a book of Debilitation and begin reading...
  2833 | D:3      | You add the spells Slow, Vampiric Draining and Confusing
                  | Touch to your library.
  2931 | D:3      | Reached XP level 6. HP: 44/47 MP: 8/10
  2954 | D:3      | Reached skill level 3 in Poison Magic
  3069 | D:3      | Found a burning altar of Makhleb.
  3352 | D:4      | Identified a scroll of acquirement
  3352 | D:4      | Acquired a book of Transfigurations
  3353 | D:4      | You pick up a book of Transfigurations and begin reading...
  3353 | D:4      | You add the spells Irradiate, Blade Hands and Dragon Form
                  | to your library.
  3377 | D:4      | Learned a level 4 spell: Ice Form
  3710 | D:4      | Reached skill level 5 in Transmutations
  3710 | D:4      | Reached skill level 1 in Ice Magic
  3923 | D:4      | You fall into a shaft and drop 1 floor!
  3923 | D:5      | Entered Level 5 of the Dungeon
  3932 | D:5      | Noticed Grinder
  4176 | D:5      | Identified the +8 mace of Hatirhe {vamp, *Noise Int+5
                  | Dex+4}
  4212 | D:5      | Reached skill level 2 in Ice Magic
  4270 | D:5      | Your scales start taking on a pale cyan-grey colour.
  4270 | D:5      | Reached XP level 7. HP: 50/52 MP: 12/12
  4270 | D:5      | Gained mutation: You are immune to the effects of steam.
                  | [Pale Draconian growth]
  4478 | D:5      | Reached skill level 3 in Ice Magic
  4501 | D:5      | Killed Grinder
  4502 | D:5      | Reached skill level 4 in Spellcasting
  4502 | D:5      | Reached skill level 6 in Transmutations
  4635 | D:5      | Found a snail-covered altar of Cheibriados.
  4751 | D:5      | Found a radiant altar of Vehumet.
  4768 | D:5      | Reached skill level 4 in Ice Magic
  4768 | D:5      | Reached XP level 8. HP: 56/59 MP: 14/14
  5068 | D:5      | Reached skill level 7 in Transmutations
  5194 | D:6      | Reached skill level 5 in Ice Magic
  5303 | D:6      | Reached skill level 5 in Spellcasting
  5303 | D:6      | Found a sand-covered staircase.
  5317 | Ossuary  | Entered an ossuary
  5742 | D:6      | magus.rc [v1.11.3]
  5783 | D:6      | Reached skill level 6 in Ice Magic
  5853 | D:6      | Reached XP level 9. HP: 47/64 MP: 16/16
  5879 | D:6      | Found the amulet of Elemental Vulnerability {rPois rF--
                  | rC-- AC+8}
  5918 | D:6      | Reached skill level 8 in Transmutations
  6114 | D:6      | Found a staircase to the Ecumenical Temple.
  6171 | Temple   | Entered the Ecumenical Temple
  6352 | Temple   | Became a worshipper of Ru the Awakened
  6393 | D:6      | Found a shimmering blue altar of Sif Muna.
  6845 | D:7      | Reached skill level 2 in Fighting
  6992 | D:7      | Reached skill level 4 in Unarmed Combat
  7421 | D:8      | Learned a level 5 spell: Blade Hands
  7447 | D:8      | Reached skill level 3 in Fighting
  7447 | D:8      | Reached skill level 6 in Spellcasting
  7532 | D:8      | Reached skill level 5 in Unarmed Combat
  8314 | D:8      | You pick up a book of the Warp and begin reading...
  8314 | D:8      | You add the spells Manifold Assault, Dispersal and
                  | Disjunction to your library.
  8348 | D:8      | Found a sparkling altar of Nemelex Xobeh.
  8442 | D:8      | You pick up a book of Alchemy and begin reading...
  8442 | D:8      | You add the spells Sublimation of Blood and Petrify to your
                  | library.
  8504 | D:8      | Reached skill level 9 in Transmutations
  8504 | D:8      | Reached XP level 10. HP: 76/78 MP: 14/19
  8710 | D:9      | Noticed Erica
  8711 | D:9      | Gained mutation: You cannot be stealthy. [Ru sacrifice]
  8825 | D:8      | Reached skill level 4 in Fighting
  8828 | D:8      | Reached skill level 6 in Unarmed Combat
  9148 | D:9      | Reached skill level 7 in Unarmed Combat
  9447 | D:9      | Killed Erica
  9448 | D:9      | Reached skill level 5 in Fighting
  9448 | D:9      | Reached skill level 7 in Spellcasting
  9489 | D:9      | Noticed Harold
  9490 | D:9      | Noticed Prince Ribbit
  9504 | D:9      | Killed Harold
  9518 | D:9      | Killed Prince Ribbit
  9667 | D:9      | Reached skill level 8 in Unarmed Combat
 10029 | D:10     | Entered Level 10 of the Dungeon
 10030 | D:10     | Acquired the +1 hat "Uroog" {Int+6}
 10097 | D:10     | Reached XP level 11. HP: 74/88 MP: 17/22
 10104 | D:10     | Reached skill level 6 in Fighting
 10112 | D:10     | Reached skill level 10 in Transmutations
 10564 | D:10     | Noticed a two-headed ogre
 10572 | D:10     | HP: 22/91 [two-headed ogre/+0 giant spiked club (13)]
 10574 | D:10     | Killed a two-headed ogre
 10575 | D:10     | Reached skill level 9 in Unarmed Combat
 10576 | D:10     | HP: 10/91 [acid dragon/splash of acid (13)]
 10801 | D:10     | Noticed a deep elf knight
 10802 | D:10     | Found a transporter.
 10809 | D:10     | Identified the ring of the Kraken {rPois Will+ rCorr Str+8
                  | Dex-5}
 10810 | D:10     | Identified the +1 dagger of Light {antimagic, Int+4}
 10810 | D:10     | Noticed a centaur warrior
 10811 | D:10     | Noticed an ogre mage
 10812 | D:10     | Noticed an obsidian statue
 10824 | D:10     | Found a transporter.
 10857 | D:10     | You pick up a book of Frost and begin reading...
 10857 | D:10     | You add the spells Freeze, Frozen Ramparts and Hailstorm to
                  | your library.
 10863 | D:10     | You pick up a book of Spatial Translocations and begin
                  | reading...
 10863 | D:10     | You add the spells Blink, Momentum Strike and Lesser
                  | Beckoning to your library.
 11146 | D:10     | You pick up a book of the Hunter and begin reading...
 11146 | D:10     | You add the spells Call Canine Familiar, Portal Projectile
                  | and Leda's Liquefaction to your library.
 11293 | D:11     | Learned a level 7 spell: Dragon Form
 11392 | D:11     | You pick up a book of the Senses and begin reading...
 11392 | D:11     | You add the spells Dazzling Flash, Agony and Silence to
                  | your library.
 11422 | D:11     | Gained mutation: You are hated by all. [Ru sacrifice]
 11422 | D:11     | Reached * piety under Ru
 11422 | D:11     | Reached ** piety under Ru
 11529 | D:11     | Reached skill level 8 in Spellcasting
 11536 | D:11     | Reached skill level 7 in Fighting
 11731 | D:11     | Noticed a two-headed ogre
 11736 | D:11     | Killed a two-headed ogre
 11808 | D:11     | Found a staircase to the Lair.
 11967 | D:11     | Found a staircase to the Orcish Mines.
 12010 | D:11     | Noticed a two-headed ogre
 12014 | D:11     | Killed a two-headed ogre
 12015 | D:11     | Reached skill level 10 in Unarmed Combat
 12137 | D:11     | Found a runed translucent gate.
 12137 | D:11     | Found a runed translucent gate.
 12137 | D:11     | Found a runed translucent gate.
 12137 | D:11     | Noticed a white ugly thing
 12137 | D:11     | Noticed a white ugly thing
 12138 | D:11     | Noticed a brown ugly thing
 12138 | D:11     | Noticed a purple ugly thing
 12138 | D:11     | Noticed a glowing orange brain
 12138 | D:11     | Noticed a brown ugly thing
 12541 | D:11     | Noticed a two-headed ogre
 12546 | D:11     | Killed a two-headed ogre
 12547 | D:11     | Reached XP level 12. HP: 60/101 MP: 19/24
 12871 | Lair:1   | Entered Level 1 of the Lair of Beasts
 12916 | Lair:1   | Learned a level 4 spell: Petrify
 12921 | Lair:1   | You pick up a book of Decay and begin reading...
 12921 | Lair:1   | You add the spells Cigotuvi's Dreadful Rot and Dispel
                  | Undead to your library.
 13110 | Lair:1   | Reached skill level 11 in Transmutations
 13279 | Lair:1   | Reached skill level 8 in Fighting
 13577 | Lair:1   | Reached skill level 11 in Unarmed Combat
 13922 | Lair:1   | Identified the +12 rapier of Yeast {holy, rPois}
 14252 | Lair:2   | Reached skill level 9 in Spellcasting
 14421 | Lair:2   | You pick up a book of the Senses and begin reading...
 14531 | Lair:2   | Noticed an ice dragon
 14539 | Lair:2   | HP: 15/103 [ice dragon/blast of cold (22)]
 14576 | Lair:2   | Killed from afar by an ice dragon

Vanquished Creatures
  Harold (D:9)
  Erica (D:9)
  4 two-headed ogres
  2 oklob plants (Lair:1)
  A cyclops (D:11)
  A cane toad (Lair:1)
  3 komodo dragons
  A polar bear (Lair:2)
  Grinder (D:5)
  Prince Ribbit (D:9)
  2 dream sheep (D:10)
  A hornet (D:11)
  5 blink frogs (Lair:1)
  A shadow (D:11)
  46 yaks
  3 wyverns
  A basilisk (D:11)
  3 steam dragons
  4 vampire mosquitoes (D:11)
  An acid dragon (D:10)
  10 water moccasins
  3 black bears
  5 orc warriors
  3 ice beasts
  6 centaurs (D:11)
  A phantom (D:7)
  4 kobold brigands
  7 bullfrogs
  A gnoll sergeant (D:11)
  3 necrophages
  14 wights
  3 elf skeletons (D:6)
  5 killer bees (D:9)
  6 howler monkeys
  4 jellies
  An orc priest (D:4)
  4 hounds
  2 gnoll boudas
  2 iguanas (D:5)
  An iron imp (D:5)
  Terence (D:3)
  Natasha (thrice) (D:3)
  6 orc wizards
  Robin (D:2)
  11 mummies (Ossuary)
  13 gnolls
  3 adders
  2 shadow imps
  A white imp (Lair:2)
  2 worms
  2 dart slugs
  28 orcs
  4 ball pythons
  9 endoplasms
  4 giant cockroaches
  10 hobgoblins
  6 jackals
  27 kobolds
  2 quokkas
  5 bats
  5 frilled lizards
  2 gnoll skeletons (Ossuary)
  16 goblins
  A goblin skeleton (Ossuary)
  2 kobold skeletons (Ossuary)
  5 orc skeletons
  An orc zombie (D:6)
  4 rats
  11 rat skeletons (Ossuary)
355 creatures vanquished.

Vanquished Creatures (others)
  A kobold (D:11)
  2 fungi (Lair:2)
  3 plants (Lair:1)
6 creatures vanquished.

Grand Total: 361 creatures vanquished

Table legend:
 A = Non-vault XP
 B = Vault XP
 C = Vault XP percentage of total XP
 D = Non-vault monster count
 E = Vault monster count
 F = Vault count percentage of total count
                 A         B        C        D         E       F
            +---------+---------+-------+---------+---------+-------
      Total |   24208 |    7414 |  23.4 |     274 |      81 |  22.8
            +---------+---------+-------+---------+---------+-------
        D:1 |      91 |       0 |   0.0 |      26 |       0 |   0.0
        D:2 |      79 |      39 |  33.1 |      22 |      13 |  37.1
        D:3 |     177 |      73 |  29.2 |      21 |       2 |   8.7
        D:4 |     112 |      61 |  35.3 |      14 |       7 |  33.3
        D:5 |     849 |     329 |  27.9 |      19 |       2 |   9.5
        D:6 |     966 |     248 |  20.4 |      20 |       6 |  23.1
        D:7 |    1128 |       0 |   0.0 |      15 |       0 |   0.0
        D:8 |    1830 |       0 |   0.0 |      18 |       0 |   0.0
        D:9 |    2355 |    1981 |  45.7 |      32 |       3 |   8.6
       D:10 |    4277 |     571 |  11.8 |      18 |       3 |  14.3
       D:11 |    6800 |     377 |   5.3 |      41 |       2 |   4.7
     Lair:1 |    2313 |    2942 |  56.0 |      12 |       9 |  42.9
     Lair:2 |    3231 |     577 |  15.2 |      16 |       4 |  20.0
    Ossuary |       0 |     216 | 100.0 |       0 |      30 | 100.0
            +---------+---------+-------+---------+---------+-------

Illustrated notes

Table legend:
 A = Kills in this place as a percentage of kills in entire the game.
 B = Kills by you in this place as a percentage of kills by you in the entire game.
 C = Kills by friends in this place as a percentage of kills by friends in the entire game.
 D = Other kills in this place as a percentage of other kills in the entire game.
 E = Experience gained in this place as a percentage of experience gained in the entire game.
 F = Experience gained in this place divided by the number of levels of this place that you have seen.
                   A       B       C       D       E      F
               +-------+-------+-------+-------+-------+----------------------
         Total | 100.0 | 100.0 |   N/A |   N/A | 100.0 | 2108.1
       Dungeon |  80.0 |  80.0 |   N/A |   N/A |  70.7 | 2031.2
          Lair |  11.5 |  11.5 |   N/A |   N/A |  28.7 | 4531.5
       Ossuary |   8.5 |   8.5 |   N/A |   N/A |   0.7 | 216.0
               +-------+-------+-------+-------+-------+----------------------

Table legend: (Time is in decaauts)
 A = Elapsed time spent in this place.
 B = Non-inter-level travel time spent in this place.
 C = Inter-level travel time spent in this place.
 D = Time resting spent in this place.
 E = Time spent auto-exploring this place.
 F = Levels seen in this place.
 G = Mean time per level.
                   A        B        C        D        E       F      G
               +--------+--------+--------+--------+--------+-----+--------+
         Total |  14640 |  14222 |    418 |    926 |  10823 |  15 |  976.0 |
       Dungeon |  12362 |  12002 |    360 |    891 |   9049 |  11 | 1123.8 |
        Temple |    200 |    174 |     26 |      0 |    170 |   1 |  200.0 |
          Lair |   1676 |   1645 |     31 |     27 |   1351 |   2 |  838.0 |
       Ossuary |    400 |    400 |      0 |      8 |    253 |   1 |  400.0 |
               +--------+--------+--------+--------+--------+-----+--------+

Top non-repeatable levels by time:
     D:8: 1653 daAuts
    D:11: 1573 daAuts
  Lair:1: 1350 daAuts
    D:10: 1245 daAuts
     D:2: 1193 daAuts
     D:3: 1137 daAuts
     D:1: 1060 daAuts
     D:5: 1057 daAuts
     D:9: 967 daAuts
     D:7: 907 daAuts
     D:4: 786 daAuts
     D:6: 780 daAuts
 Ossuary: 400 daAuts
  Lair:2: 326 daAuts
  Temple: 200 daAuts
